 Dungeon Crawl Stone Soup version 0.32-a0-999-gfa1cc04b1d (webtiles) character file.

Game seed: 14201107712494791920

745 DrKenneth the Trooper (level 7, -1/63 HPs)
             Began as a Minotaur Fighter on Apr 25, 2024.
             Slain by Pikel
             ... wielding a +0 whip of freezing
              (2 damage)
             ... on level 5 of the Dungeon.
             The game lasted 00:13:22 (4354 turns).

DrKenneth the Trooper (Minotaur Fighter)            Turns: 4354, Time: 00:13:23

Health: -1/63      AC:  8    Str: 23    XL:     7   Next: 47%
Magic:  6/6        EV:  8    Int:  5    God:
Gold:   241        SH:  4    Dex:  9    Spells: 6/6 levels left

rFire   . . .        a - +0 war axe
rCold   . . .        c - +0 buckler
rNeg    . . .        b - +0 scale mail
rPois   .            (helmet restricted)
rElec   .            g - +0 cloak
rCorr   .            (no gloves)
SInv    .            (no boots)
Will    .....        (no amulet) Stlth
                     (no ring)
HPRegen 0.30/turn    (no ring)
MPRegen 0.10/turn

%: no passive effects
@: no status effects
A: horns 2, retaliatory headbutt
a: no special abilities


You were on level 5 of the Dungeon.
You visited 2 branches of the dungeon, and saw 6 of its levels.

You collected 241 gold pieces.

Inventory:

Hand Weapons
 a - a +0 war axe (weapon)
Armour
 b - a +0 scale mail (worn)
 c - a +0 buckler (worn)
 g - a +0 cloak (worn)
 m - a +0 hat
Jewellery
 q - an amulet of guardian spirit
Scrolls
 e - a scroll of fear {unknown}
 k - 2 scrolls of identify
 l - a scroll of enchant armour {unknown}
 n - a scroll of teleportation
 p - a scroll of enchant weapon {unknown}
 r - 2 scrolls of blinking {unknown}
Potions
 d - a potion of might
 f - a potion of cancellation
 h - a potion of resistance {unknown}
 i - a potion of heal wounds {unknown}
 j - 3 potions of brilliance {unknown}
 o - 3 potions of curing {unknown}


   Skills:
 + Level 6.2 Fighting
 + Level 5.4 Axes
 + Level 6.1 Armour
 + Level 6.1 Shields


You had 6 spell levels left.
You didn't know any spells.
Your spell library contained the following spells:

 Spells                   Type           Power      Damage    Failure   Level
 Magic Dart               Conj           0%         1d3       83%         1
 Blink                    Tloc           0%         N/A       92%         2
 Call Imp                 Summ           0%         N/A       92%         2
 Brom's Barrelling Bould  Conj/Erth      0%         2d3       100%        4
 Fireball                 Conj/Fire      0%         3d3       100%        5
 Iskenderun's Battlesphe  Conj           0%         2d6       100%        5
 Conjure Ball Lightning   Conj/Air       0%         3x3d6     100%        6
 Orb of Destruction       Conj           0%         9d5       100%        7


Dungeon Overview and Level Annotations

Branches:
Dungeon (5/15)             Temple (1/1) D:4

Altars:
Cheibriados
Elyvilon
Fedhas
Hepliaklqana
Kikubaaqudgha
Nemelex Xobeh
Okawaru
Qazlal
Trog
Wu Jian
Yredelemnul
Zin
The Shining One

Shops:
D:1 [[:(!

Annotations:
D:5 3 runed translucent doors, Pikel


Innate Abilities, Weirdness & Mutations

You have a pair of horns on your head.
You reflexively headbutt those who attack you in melee.


Message History

Pikel is severely wounded.
You hit the lemure. You hit the sleepcap. The sleepcap barely misses you.
The lemure hits you.
Pikel hits you with a +0 whip of freezing!
Pikel freezes you.
You closely miss Pikel.
Pikel is severely wounded.
You barely miss the lemure. You hit the sleepcap but do no damage.
The sleepcap barely misses you. The lemure closely misses you.
You block Pikel's attack.
Pikel says, "You'll feel the lick of my whip!"
Pikel hits you with a +0 whip of freezing!
Pikel freezes you. The sleepcap barely misses you.
The lemure closely misses you.
You hit Pikel. Your headbutt misses Pikel.
Pikel is severely wounded.
You barely miss the lemure. You hit the sleepcap.
The sleepcap releases spores at you. The lemure hits you but does no damage.
Pikel barely misses you.
You hit Pikel. Your headbutt misses Pikel.
Pikel is severely wounded.
You barely miss the lemure. You hit the sleepcap but do no damage.
The sleepcap releases spores at you but does no damage.
An ogre comes into view. It is wielding a +0 giant spiked club.
The lemure hits you!
* * * LOW HITPOINT WARNING * * *
Pikel hits you with a +0 whip of freezing.
* * * LOW HITPOINT WARNING * * *
Pikel freezes you.
* * * LOW HITPOINT WARNING * * *
You closely miss Pikel.
Pikel is severely wounded.
You closely miss the lemure. You hit the sleepcap.
The sleepcap releases spores at you but does no damage.
The lemure hits you but does no damage.
Pikel hits you with a +0 whip of freezing.
* * * LOW HITPOINT WARNING * * *
Pikel freezes you.
You die...
Pikel says, "See you in Hell!"

............#......
#.........รท..#....#.
#...........#.....## .
#...#.......#.....#
..###...###...........##
..O.....# #.............
!.......# #.............
......5K# ##............
......f@####............
.....##.................
... #....#....##...... .
+....+.........#+#
#....###..###.<...
#....# ##..##.####
#....# #......... #....#
#.####..## #....# ##.#


You could see Pikel, an ogre, a lemure and a sleepcap.

Vanquished Creatures
  2 ogres
  3 lemures (D:5)
  2 scorpions
  2 vampire bats (D:3)
  A jelly (D:4)
  5 iguanas
  An orc wizard (D:5)
  4 gnolls (D:5)
  6 adders
  A ribbon worm (D:5)
  2 dart slugs
  5 orcs
  5 bats
  A bat skeleton (D:3)
  5 bat zombies (D:3)
  8 endoplasms
  2 giant cockroaches
  5 goblins
  7 hobgoblins
  2 jackals (D:2)
  7 kobolds
  6 quokkas
  12 ball pythons
  2 frilled lizards
  5 rats
101 creatures vanquished.

Notes
Turn   | Place    | Note
-------+----------+-------------------------------------------
     0 | D:1      | DrKenneth the Minotaur Fighter began the quest for the Orb.
     0 | D:1      | Reached XP level 1. HP: 19/19 MP: 0/0
   174 | D:1      | Reached XP level 2. HP: 24/27 MP: 1/1
   303 | D:1      | Found Peivis's Distillery.
   490 | D:1      | Found Juul Meo's Book Shoppe.
   525 | D:1      | Found Faehoek's Armour Shop.
   531 | D:1      | Found Polufao's Armour Shop.
   976 | D:2      | Reached XP level 3. HP: 33/33 MP: 2/2
  1246 | D:2      | Reached XP level 4. HP: 41/41 MP: 3/3
  1271 | D:2      | Found a faded altar of an unknown god.
  2086 | D:3      | Found an ancient bone altar of Kikubaaqudgha.
  2089 | D:3      | Reached XP level 5. HP: 47/47 MP: 4/4
  2169 | D:3      | Found a blossoming altar of Fedhas.
  2589 | D:4      | Noticed an ogre
  2648 | D:4      | HP: 2/47 [scorpion (3)]
  2649 | D:4      | Reached skill level 5 in Fighting
  2649 | D:4      | Reached skill level 5 in Armour
  2649 | D:4      | Reached skill level 5 in Shields
  2651 | D:4      | Reached XP level 6. HP: 2/56 MP: 5/5
  2838 | D:4      | Found a staircase to the Ecumenical Temple.
  2844 | Temple   | Entered the Ecumenical Temple
  3236 | D:4      | Found a stormy altar of Qazlal.
  3846 | D:5      | Entered Level 5 of the Dungeon
  3879 | D:5      | Reached XP level 7. HP: 57/62 MP: 6/6
  3882 | D:5      | Reached skill level 5 in Axes
  4299 | D:5      | Found a runed translucent gate.
  4299 | D:5      | Found a runed translucent gate.
  4305 | D:5      | Found a runed translucent gate.
  4342 | D:5      | Noticed Pikel
  4354 | D:5      | HP: 1/63 [Pikel/+0 whip of freezing (6)]
  4354 | D:5      | Slain by Pikel

Illustrated notes

Levels and vault maps discovered:
D:1:      dpeg_arrival_pond, layout_basic, serial_shops,
          nicolae_shop_back_alley_shop, nicolae_shop_tiny_glass, shop,
          nicolae_shop_tiny_glass, nicolae_shop_temple_entry_statues_fountains
D:2:      layout_loops_ring, shapermc_ecumenical_altar_gd, due_unseen_surprise
D:3:      layout_basic, kennysheep_vampire_church,
          mainiacjoe_overflow_surrounded_room, minmay_shallow_snake_nest
D:4:      layout_rooms, nicolae_overflow_crystal_walls,
          minmay_temple_entry_hall, serial_bayou_crossing
D:5:      layout_basic, gammafunk_ghost_icy, grunt_ministairs_12, uniq_pikel,
          uniq_prince_ribbit1
Temple:   dpeg_chambers_temple

Skill      XL: |  1  2  3  4  5  6  7 |
---------------+----------------------+-----
Armour         | 4 5 6 |  6.1
Fighting       | 4 5 6 |  6.2
Shields        | 4 5 6 |  6.1
Axes           | 3 4 5 |  5.4

Action                     |  1- 3 |  4- 6 |  7- 9 || total
---------------------------+-------+-------+-------++-------
  Melee: War axe           |    76 |   114 |    63 ||   253
         Headbutt          |     8 |    23 |     7 ||    38
    Use: Scroll            |       |     1 |     1 ||     2
         Potion            |       |       |     1 ||     1
 Armour: Scale mail        |    58 |    94 |    67 ||   219
  Dodge: Dodged            |    34 |    44 |    24 ||   102
  Block: Buckler           |    16 |    30 |    13 ||    59

Table legend: (Time is in decaauts)
 A = Elapsed time spent in this place.
 B = Non-inter-level travel time spent in this place.
 C = Inter-level travel time spent in this place.
 D = Time resting spent in this place.
 E = Time spent auto-exploring this place.
 F = Levels seen in this place.
 G = Mean time per level.
                   A        B        C        D        E       F      G
               +--------+--------+--------+--------+--------+-----+--------+
         Total |   4448 |   4073 |    375 |    903 |   2455 |   6 |  741.3 |
       Dungeon |   4380 |   4071 |    309 |    903 |   2455 |   5 |  876.0 |
        Temple |     67 |      1 |     66 |      0 |      0 |   1 |   67.0 |
               +--------+--------+--------+--------+--------+-----+--------+

Top non-repeatable levels by time:
     D:3: 1025 daAuts
     D:1: 988 daAuts
     D:4: 977 daAuts
     D:2: 863 daAuts
     D:5: 526 daAuts
  Temple: 67 daAuts
